 Dungeon Crawl Stone Soup version 0.19.1-1-g22dce08 (webtiles) character file.

1586 sveltemanboy the Destroyer (level 8, 0/44 HPs)
             Began as a Tengu Conjurer on Jan 8, 2017.
             Slain by an ice beast (4 damage)
             ... on level 6 of the Dungeon.
             The game lasted 00:18:16 (7602 turns).

sveltemanboy the Destroyer (Tengu Conjurer)         Turns: 7602, Time: 00:18:16

Health: 0/44       AC:  3    Str:  9    XL:     8   Next: 92%
Magic:  12/15      EV: 13    Int: 17    God:
Gold:   163        SH:  0    Dex: 17    Spells: 4 memorised, 3 levels left

rFire  . . .     SeeInvis .     l - +1 dagger (elec)
rCold  . . .     Gourm    .     j - +0 robe (curse)
rNeg   . . .     Faith    .     (no shield)
rPois  .         Spirit   .     (helmet restricted)
rElec  .         Reflect  .     (no cloak)
rCorr  +         Harm     .     k - +0 pair of gloves
MR     +....                    (boots unavailable)
Stlth  ++........               (no amulet)
                                w - ring of resist corrosion
                                r - ring of protection from magic

@: no status effects
A: beak, talons 3, agile 1, evolution 1, able to fly 1
a: Fly


You were on level 6 of the Dungeon.
You were very hungry.

You visited 1 branch of the dungeon, and saw 6 of its levels.

You collected 395 gold pieces.
You spent 232 gold pieces at shops.

Inventory:

Hand Weapons
 l - a +1 dagger of electrocution (weapon)
Armour
 j - a cursed +0 robe (worn)
 k - a +0 pair of gloves (worn)
 p - a +3 leather armour
 B - the cursed +0 leather armour of Least Resistance {Int+3 Slay+3, unknown}
   (You bought it in a shop on level 5 of the Dungeon)

   It affects your intelligence (+3).
   It affects your accuracy and damage with ranged weapons and melee attacks
   (+3).
   It has a curse placed upon it.
Jewellery
 r - a ring of protection from magic (left hand)
 w - a ring of resist corrosion (right hand)
Wands
 q - a wand of heal wounds (3/9)
 z - a wand of iceblast (12/15)
Scrolls
 a - a scroll of enchant armour
 m - a scroll of recharging
 s - a scroll of identify
 x - 3 scrolls of blinking
 y - a scroll of fog
 A - a scroll of teleportation
 C - a scroll of amnesia
 D - a scroll of enchant weapon
Potions
 d - 2 potions of mutation
 e - a potion of might
 g - 6 potions of curing
 i - a potion of invisibility
 o - a potion of berserk rage
 t - a potion of haste
 u - a potion of flight
 v - 2 potions of heal wounds
Books
 b - a book of Conjurations

   Spells                             Type                      Level
   a - Magic Dart                     Conjuration                  1
   b - Searing Ray                    Conjuration                  2
   c - Dazzling Spray                 Conjuration/Hexes            3
   d - Fulminant Prism                Conjuration/Hexes            4
   e - Iskenderun's Mystic Blast      Conjuration                  4
   f - Iskenderun's Battlesphere      Conjuration/Charms           5
Comestibles
 c - 3 bread rations
 f - 2 beef jerkies
 h - 4 meat rations
 n - 5 fruits


   Skills:
 - Level 2.2 Fighting
 - Level 2.1 Dodging
 - Level 2.0 Stealth
 - Level 4.1 Spellcasting
 * Level 12.4 Conjurations
 + Level 3.1 Charms


You had 3 spell levels left.
You knew the following spells:

 Your Spells              Type           Power        Failure   Level  Hunger
a - Magic Dart            Conj           ####         1%          1    None
b - Searing Ray           Conj           #####.       1%          2    ##.....
c - Iskenderun's Mystic   Conj           #####...     1%          4    ####...
d - Iskenderun's Battles  Conj/Chrm      ####....     21%         5    ######.


Dungeon Overview and Level Annotations

Branches:
Dungeon (6/15)
 Temple: D:4-7

Altars:
Xom

Shops:
D:5 (*[[*

Annotations:
D:5 Arnot's ghost, novice HOFi


Innate Abilities, Weirdness & Mutations

You have a beak for a mouth.
You have claws for feet.
You can fly.
You are agile. (Dex +2)
You evolve.


Message History

The ice beast hits you. The ice beast freezes you.
You hit the ice beast.
You claw the ice beast, but do no damage.
The ice beast is lightly wounded.
The ice beast hits you. The ice beast freezes you!
You hit the ice beast but do no damage.
There is a sudden explosion of sparks!
The ice beast is heavily wounded.
The ice beast closely misses you.
Casting: Magic Dart
Confirm with . or Enter, or press ? or * to list all spells.
Aiming: Searing Ray
Press: ? - help, Shift-Dir - straight line, f - ice beast
Aim: an ice beast (heavily wounded)
The searing ray hits the ice beast.
The ice beast is heavily wounded.
You are feeling very hungry.
The ice beast hits you. The ice beast freezes you!
* * * LOW HITPOINT WARNING * * *
The searing ray misses the ice beast.
The ice beast hits you.
You die...

## # ##########
#.#####.###
.........######Y........
.............###@.....#
....).............#####
..................#
#.................#
####..............#
#..............##
#...............#
................#
................


You could see an ice beast.

Vanquished Creatures
  Menkaure (D:4)
  A necrophage (D:5)
  An ice beast (D:5)
  2 sky beasts (D:5)
  3 ogres
  A centaur (D:5)
  A water moccasin zombie (D:6)
  A crimson imp (D:5)
  A quasit (D:4)
  2 hounds
  2 bullfrog skeletons
  An orc priest (D:3)
  An orc wizard (D:4)
  A gnoll shaman (D:5)
  3 worker ants
  An iguana (D:4)
  Robin (D:4)
  8 adders
  13 gnolls
  3 worms
  3 dart slugs
  8 leopard geckos
  18 orcs
  5 giant cockroaches
  15 goblins
  9 hobgoblins
  8 jackals (D:1)
  4 quokkas
  5 ball pythons
  4 bats
  4 frilled lizards
  15 kobolds
  8 rats
154 creatures vanquished.

Notes
Turn   | Place    | Note
-------+----------+-------------------------------------------
     0 | D:1      | sveltemanboy the Tengu Conjurer began the quest for the Orb.
     0 | D:1      | Reached XP level 1. HP: 10/10 MP: 4/4
   245 | D:1      | Reached XP level 2. HP: 15/15 MP: 1/6
   250 | D:1      | Learned a level 2 spell: Searing Ray
   485 | D:1      | Reached skill level 6 in Conjurations
   553 | D:1      | Reached XP level 3. HP: 10/19 MP: 2/7
  1589 | D:2      | Reached XP level 4. HP: 24/24 MP: 4/9
  2087 | D:2      | Reached skill level 7 in Conjurations
  2292 | D:2      | Found a shimmering altar of Xom.
  2416 | D:2      | Gained mutation: You can fly. [Tengu growth]
  2416 | D:2      | Reached XP level 5. HP: 28/28 MP: 10/10
  3059 | D:2      | Learned a level 4 spell: Iskenderun's Mystic Blast
  3090 | D:3      | Reached skill level 8 in Conjurations
  3293 | D:3      | Reached XP level 6. HP: 29/32 MP: 6/12
  4577 | D:4      | Reached skill level 9 in Conjurations
  4581 | D:4      | Noticed Robin
  4584 | D:4      | Killed Robin
  4760 | D:4      | Noticed Menkaure
  4762 | D:4      | Killed Menkaure
  4762 | D:4      | Reached XP level 7. HP: 19/36 MP: 4/14
  5029 | D:4      | Reached skill level 10 in Conjurations
  5043 | D:4      | Reached skill level 1 in Fighting
  5162 | D:4      | Learned a level 5 spell: Iskenderun's Battlesphere
  5494 | D:4      | Reached skill level 1 in Charms
  5654 | D:5      | Entered Level 5 of the Dungeon
  5748 | D:5      | Found Vuex's Weapon Emporium.
  5812 | D:5      | Reached XP level 8. HP: 44/44 MP: 0/15
  5813 | D:5      | Found Ceblos's Armour Boutique.
  5818 | D:5      | Gained mutation: You evolve. [mutagenic meat]
  5819 | D:5      | Gained mutation: Your spells are a little easier to cast, but a little less powerful. [mutagenic meat]
  5820 | D:5      | Gained mutation: You are agile. (Dex +2) [mutagenic meat]
  6045 | D:5      | Reached skill level 11 in Conjurations
  6117 | D:5      | Lost mutation: Your spells are a little easier to cast, but a little less powerful. [evolution]
  6406 | D:5      | Found Eple's Assorted Antiques.
  6427 | D:5      | Bought a distressingly furry leather armour for 182 gold pieces
  6427 | D:5      | Bought a scroll labeled XILIUV BEEFAH for 26 gold pieces
  6495 | D:5      | Noticed Arnot's ghost (novice HOFi)
  6887 | D:5      | Found Desouw's Armour Emporium.
  7077 | D:5      | Found Meud's General Store.
  7085 | D:5      | Bought a scroll of identify for 24 gold pieces
  7153 | D:5      | Reached skill level 12 in Conjurations
  7602 | D:6      | Slain by an ice beast

Skill      XL: |  1  2  3  4  5  6  7  8 |
---------------+-------------------------+-----
Conjurations   | 6 7 8 9 10 12 | 12.4
Spellcasting   | 3 4 |  4.1
Fighting       | 2 |  2.2
Charms         | 1 3 |  3.1
Dodging        | |  2.1
Stealth        | |  2.0

Action                   |  1- 3 |  4- 6 |  7- 9 || total
-------------------------+-------+-------+-------++-------
Melee: Unarmed           |    32 |       |       ||    32
       Peck              |     8 |     8 |    13 ||    29
       Kick              |     9 |    14 |    22 ||    45
       Dagger            |    20 |    37 |    79 ||   136
       Whip              |       |    17 |       ||    17
 Cast: Magic Dart        |    57 |    87 |    24 ||   168
       Searing Ray       |     2 |    14 |    13 ||    29
       Iskenderun's Myst |       |     5 |    18 ||    23
  Use: Scroll            |     6 |     6 |     6 ||    18
       Potion            |       |       |     2 ||     2
 Stab: Sleeping          |     1 |     1 |     3 ||     5
  Eat: Chunk             |     3 |    11 |    14 ||    28
       Fruit             |       |       |     1 ||     1
Armor: Robe              |     9 |    10 |    12 ||    31
Dodge: Dodged            |    37 |    32 |    53 ||   122
